 Dungeon Crawl Stone Soup version 0.30.0-29-ga12c61a403 (webtiles) character file.

Game seed: 16177525656523566146

52 Snizzard the Trooper (level 3, -1/31 HPs)
             Began as a Draconian Fighter on June 13, 2023.
             Slain by a worm (2 damage)
             ... on level 2 of the Dungeon.
             The game lasted 00:02:20 (610 turns).

Snizzard the Trooper (Draconian Fighter)             Turns: 610, Time: 00:02:20

Health: -1/31      AC:  5    Str: 18    XL:     3   Next: 60%
Magic:  3/3        EV: 12    Int: 10    God:
Gold:   23         SH:  0    Dex: 10    Spells: 3/3 levels left

rFire   . . .        h - +1 battleaxe (heavy)
rCold   . . .        (shield currently unavailable)
rNeg    . . .        (body armour unavailable)
rPois   .            (helmet restricted)
rElec   .            (no cloak)
rCorr   .            (no gloves)
SInv    .            (no boots)
Will    .....        (no amulet)
Stlth   +            (no ring)
HPRegen 0.25/turn    (no ring)
MPRegen 0.08/turn

%: no passive effects
@: flying
A: AC +5, unfitting armour, cold-blooded
a: no special abilities


You were on level 2 of the Dungeon.
You visited 1 branch of the dungeon, and saw 2 of its levels.

You collected 23 gold pieces.

Inventory:

Hand Weapons
 a - a +0 war axe
 h - a +1 heavy battleaxe (weapon)
Missiles
 g - a poisoned dart (quivered)
Armour
 b - a +0 buckler
Scrolls
 d - a scroll of vulnerability
 e - a scroll of teleportation
 i - a scroll of enchant weapon {unknown}
 j - a scroll of amnesia {unknown}
Potions
 c - a potion of might


   Skills:
 * Level 3.5 Fighting
 * Level 2.6 Axes
 * Level 0.5 Throwing
 * Level 3.0 Dodging
 * Level 0.6 Stealth
 * Level 3.3 Shields
 * Level 0.5 Spellcasting


You had 3 spell levels left.
You didn't know any spells.
Your spell library was empty.

Dungeon Overview and Level Annotations

Branches:
Dungeon (2/15)

Altars:

Shops:
D:2 ?


Innate Abilities, Weirdness & Mutations

Your plain brown scales are hard. (AC +5)
You cannot fit into any form of body armour.
You are cold-blooded and may be slowed by cold attacks.


Message History

You see here a hobgoblin corpse.
You open the ball python like a pillowcase!!!
You kill the ball python!
Jessica the Apprentice Sorceress comes into view.
She is wielding a +2 dagger of venom, wearing a +0 robe of positive energy and carrying a wand of roots (9).
A worm comes into view.
Jessica casts a spell at you. Pain shoots through your body!
The worm bites you but does no damage. Jessica barely misses you.
Jessica attacks as you move away!
Jessica hits you with a +2 dagger of venom.
Jessica zaps a wand.
The roots erupt in riotous growth!
The grasping roots grab you! The grasping roots constrict you.
You escape the roots grasp.
The worm barely misses you.
Jessica hits you with a +2 dagger of venom.
You are poisoned.
Unknown command.
You slice Jessica!!
You kill Jessica!
You barely miss the worm.
You feel very sick. The worm bites you. x2
* * * LOW HITPOINT WARNING * * *
Your Dodging skill increases to level 3!
You have reached level 3!
Your experience leads to an increase in your attributes!
Increase (S)trength, (I)ntelligence, or (D)exterity?
You feel clever. x2; Your scales feel tougher.
It was a potion of flight.
You feel very buoyant.
You fly up into the air.
* * * LOW HITPOINT WARNING * * *
You feel sick.
Unknown command.
You barely miss the worm.
* * * LOW HITPOINT WARNING * * *
You feel sick.
You are no longer poisoned.
The worm barely misses you. The worm bites you.
You die...

#..#.##............#
#..#.##...#.########
#.........#.#
#.##........#
#.##.###.#### #. #.#
#†####### #.......#
#..####.# #.@# #w)#
#.). .(..# #...##
..... # ##.... #
##.## # #.. #


You could see a worm.

Vanquished Creatures
  Jessica (D:2)
  A dart slug (D:1)
  3 endoplasms (D:1)
  A giant cockroach (D:2)
  2 goblins
  2 hobgoblins
  A quokka (D:1)
  2 ball pythons
  3 bats
  A frilled lizard (D:1)
  4 kobolds
  3 rats
24 creatures vanquished.

Notes
Turn   | Place    | Note
-------+----------+-------------------------------------------
     0 | D:1      | Snizzard the Draconian Fighter began the quest for the Orb.
     0 | D:1      | Reached XP level 1. HP: 19/19 MP: 1/1
   178 | D:1      | Reached XP level 2. HP: 26/26 MP: 2/2
   279 | D:2      | Found Anwu's Magic Scroll Shop.
   601 | D:2      | Noticed Jessica
   608 | D:2      | Killed Jessica
   609 | D:2      | Reached XP level 3. HP: 3/31 MP: 3/3
   610 | D:2      | HP: 1/31 [poisoned by Jessica]
   610 | D:2      | Slain by a worm

Illustrated notes

Levels and vault maps discovered:
D:1:      matt_arrival_debris, layout_basic, minmay_vboxes
D:2:      layout_loops_corners, serial_shops, shop, uniq_jessica

Skill      XL: |  1  2 |
---------------+-------+-----
Dodging        | 3 |  3.0
Fighting       | |  3.5
Axes           | |  2.6
Throwing       | |  0.5
Stealth        | |  0.6
Shields        | |  3.3
Spellcasting   | |  0.5

Action                     || total
---------------------------++-------
  Melee: War axe           ||    35
         Battleaxe         ||     5
         Tailslap          ||     3
  Throw: Dart              ||     8
    Use: Scroll            ||     2
         Potion            ||     1
   Stab: Distracted        ||     1
 Armour: Skin              ||    12
  Dodge: Dodged            ||    28
  Block: Buckler           ||    13
